 Dungeon Crawl Stone Soup version 0.27.0-1-g7a089689b8 (webtiles) character file.

Game seed: 5512995560685687

72 Angani the Chopper (level 4, -5/41 HPs)
             Began as a Hill Orc Monk on Aug 7, 2021.
             Slain by Sigmund (11 damage)
             ... on level 3 of the Dungeon.
             The game lasted 00:02:22 (2301 turns).

Angani the Chopper (Hill Orc Monk)                  Turns: 2301, Time: 00:02:23

Health: -5/41      AC:  4    Str: 14    XL:     4   Next: 26%
Magic:  6/6        EV:  9    Int: 10    God:
Gold:   96         SH:  7    Dex: 13    Spells: 3/3 levels left

rFire    . . .     SeeInvis .   a - +1 hand axe
rCold    . . .     Faith    .   k - +0 kite shield
rNeg     . . .     Spirit   .   b - +0 robe
rPois    .         Reflect  .   (no helmet)
rElec    .         Harm     .   (no cloak)
rCorr    .         Rampage  .   f - +0 pair of gloves
Will     .....                  d - +0 pair of boots
Stlth    ++........             (no amulet)
HPRegen  0.13/turn              (no ring)
MPRegen  0.10/turn              (no ring)

@: mighty
A: no striking features
a: no special abilities


You were on level 3 of the Dungeon.
You visited 1 branch of the dungeon, and saw 3 of its levels.

You collected 96 gold pieces.

Inventory:

Hand Weapons
 a - a +1 hand axe (weapon)
Armour
 b - a +0 robe (worn)
 d - a +0 pair of boots (worn)
 f - a +0 pair of gloves (worn)
 k - a +0 kite shield (worn)
Jewellery
 h - a ring of ice
Wands
 m - a wand of iceblast (6)
Scrolls
 e - a scroll of enchant weapon
 i - a scroll of torment {unknown}
 n - a scroll of fear {unknown}
Potions
 l - a potion of magic


   Skills:
 + Level 4.3 Fighting
 + Level 4.7 Axes
 - Level 2.4 Dodging
 - Level 1.5 Stealth
 * Level 3.4 Invocations


You had 3 spell levels left.
You didn't know any spells.
Your spell library contained the following spells:

 Spells                   Type           Power      Damage    Failure   Level
 Static Discharge         Conj/Air       0%         N/A       99%         2
 Dispel Undead            Necr           0%         3d6       100%        4
 Sticky Flame             Conj/Fire      0%         2d3       100%        4


Dungeon Overview and Level Annotations

Branches:
Dungeon (3/15)

Altars:

Annotations:
D:3 Sigmund


Message History

The kobold barely misses you.
You closely miss the kobold.
The kobold is moderately wounded.
The kobold hits you with a +0 short sword.
Unknown command.
There is an open door here.
Okay, then.
As you read the scroll labelled HASYCR YBBUED, it crumbles to dust.
It is a scroll of enchant weapon.
Your +0 hand axe glows red for a moment.
You block the kobold's attack.
As you read the scroll labelled YRIEBOA ELEAKH, it crumbles to dust.
It is a scroll of identify.
g - a potion of might You block the kobold's attack.
You feel very mighty all of a sudden.
The kobold hits you with a +0 short sword.
You barely miss the kobold. You block the kobold's attack.
The kobold hits you with a +0 short sword.
It was a potion of magic.
Magic courses through your body. You block the kobold's attack.
It was a potion of curing.
You feel better.
The kobold hits you with a +0 short sword.
Sigmund casts a spell.
Sigmund flickers and vanishes!
Deactivating autopickup; reactivate with Ctrl-A.
It was a potion of heal wounds.
You feel much better. The kobold barely misses you.
You slash the kobold!
You kill the kobold!
Something hits you.
There is an open door, spattered with blood here.
Things that are here:
a +0 short sword; a kobold corpse Something hits you!
You barely miss something. Something hits you.
You hit something. Something hits you! x2
* * * LOW HITPOINT WARNING * * *
You miss something. Something hits you!
You die...

#..♣♣ ♣♣..# # #.♣♣
♣♣.# #. #.♣ ♣.# #.##.♣
###+### ♣.#
####..#.♣♣#.....#♣♣.#
......).♣÷#..8..#÷♣...
##......♣♣#.....# ♣..#
#.#......##♣)♣##....#
......#.#....@........
...#.##.#####{........
#..#. #.# #......... #
#. .. #.# ##.......# #
## #.. .......## # ###
###...... # ..###. ##
#.# ##. .######)#


There were no monsters in sight!

Vanquished Creatures
  An adder (D:2)
  A worm (D:2)
  6 endoplasms
  2 giant cockroaches (D:2)
  6 goblins
  4 hobgoblins
  8 jackals (D:1)
  4 quokkas
  4 ball pythons (D:1)
  5 bats
  A frilled lizard (D:1)
  6 kobolds
  6 rats
54 creatures vanquished.

Notes
Turn   | Place    | Note
-------+----------+-------------------------------------------
     0 | D:1      | Angani the Hill Orc Monk began the quest for the Orb.
     0 | D:1      | Reached XP level 1. HP: 19/19 MP: 1/1
    31 | D:1      | Reached skill level 1 in Invocations
   123 | D:1      | Reached XP level 2. HP: 26/27 MP: 1/3
   665 | D:1      | Reached XP level 3. HP: 21/33 MP: 4/4
  1353 | D:2      | Reached XP level 4. HP: 20/40 MP: 6/6
  2283 | D:3      | Noticed Sigmund
  2301 | D:3      | Slain by Sigmund

Illustrated notes

Levels and vault maps discovered:
D:1:      psy_arrival_statuary, layout_rooms
D:2:      layout_rooms, hex_tiny, kennysheep_generic_room_13
D:3:      layout_loops_ring, dilly_ecumenical_altar_fadedgnrine, uniq_sigmund

Skill      XL: |  1  2  3 |
---------------+----------+-----
Invocations    | 1 2 3 |  3.4
Fighting       | 4 |  4.3
Axes           | |  4.7
Dodging        | |  2.4
Stealth        | |  1.5

Action                   |  1- 3 |  4- 6 || total
-------------------------+-------+-------++-------
Melee: Hand axe          |   144 |    50 ||   194
  Use: Potion            |       |     4 ||     4
       Scroll            |       |     2 ||     2
 Stab: Sleeping          |       |     2 ||     2
Armor: Robe              |    42 |    13 ||    55
Dodge: Dodged            |   103 |    19 ||   122
Block: Kite shield       |       |    14 ||    14
